 Dungeon Crawl Stone Soup version 0.17.0-28-g6e173f8 (console) character file.

9468 Kloppie the Cleaver (level 11, 0/71 HPs)
             Began as a Gargoyle Fighter on Nov 24, 2015.
             Was the Champion of Makhleb.
             Slain by a sun demon (15 damage)
             ... summoned by an orc sorcerer
             ... on level 4 of the Orcish Mines.
             The game lasted 00:25:46 (12506 turns).

Kloppie the Cleaver (Gargoyle Fighter)             Turns: 12506, Time: 00:25:47

Health: 0/71       AC: 26    Str: 21    XL:     11   Next: 47%
Magic:  16/16      EV: -1    Int:  8    God:    Makhleb [******]
Gold:   1160       SH:  9    Dex: 12    Spells: 0 memorised, 10 levels left

rFire  . . .     SeeInvis .     l - +3 war axe (elec)
rCold  . . .     Clarity  .     K - +0 plate armour
rNeg   + . .     SustAt   .     c - +0 shield
rPois  ∞         Gourm    .     B - +0 helmet
rElec  +         Spirit   .     u - +0 cloak
rCorr  .         Warding  .     (no gloves)
rMut   .         Stasis   .     r - +1 pair of boots
MR     .....                    (no amulet)
Stlth  ..........               (no ring)
                                (no ring)

@: drained, not resistant to hostile enchantments, extremely unstealthy
A: negative energy resistance 1, electricity resistance, unbreathing,
petrification resistance, rot immunity, AC +7
a: Minor Destruction, Lesser Servant of Makhleb, Major Destruction, Greater
Servant of Makhleb, Renounce Religion


You were on level 4 of the Orcish Mines.
You worshipped Makhleb.
Makhleb was exalted by your worship.
You were not hungry.

You visited 3 branches of the dungeon, and saw 15 of its levels.
You also visited: Sewer.

You collected 1494 gold pieces.
You spent 334 gold pieces at shops.

Inventory:

Hand Weapons
 a - a +1 war axe
 b - a +1 blowgun
 l - a +3 war axe of electrocution (weapon)
 x - a +1 hand axe of flaming
 Q - a +0 broad axe
Missiles
 f - 77 poisoned needles
 w - 4 curare-tipped needles
Armour
 c - a +0 shield (worn)
 i - a +0 large shield
 r - a +1 pair of boots (worn)
 u - a +0 cloak (worn)
 B - a +0 helmet (worn)
 K - a +0 plate armour (worn)
Wands
 n - a wand of polymorph (19)
 s - a wand of flame (15)
 v - a wand of confusion (33)
 H - a wand of fireball (8)
 I - a wand of paralysis (13)
 L - a wand of frost (19)
 O - a wand of draining (2)
 R - a wand of random effects (27)
 S - a wand of confusion (14)
Scrolls
 h - a scroll of enchant armour
 o - a scroll of blinking
 t - 5 scrolls of fog
 y - 2 scrolls of enchant weapon
 A - 3 scrolls of teleportation
Potions
 d - a potion of might
 j - a potion of mutation
 p - 6 potions of curing {unknown}
 z - a potion of lignification
 C - 3 potions of haste {unknown}
 D - 7 potions of heal wounds {unknown}
 E - 2 potions of ambrosia {unknown}
 F - 2 potions of agility {unknown}
 P - a potion of cancellation {unknown}
 W - a potion of brilliance {unknown}
 X - a potion of invisibility {unknown}
Books
 k - a Young Poisoner's Handbook

   Spells                             Type                      Level
   a - Sting                          Conjuration/Poison           1
   b - Cure Poison                    Poison                       2
   c - Mephitic Cloud                 Conjuration/Poison/Air       3
   d - Olgreb's Toxic Radiance        Poison                       4
   e - Venom Bolt                     Conjuration/Poison           5
 G - a book of Frost

   Spells                             Type                      Level
   a - Freeze                         Ice                          1
   b - Throw Frost                    Conjuration/Ice              2
   c - Ozocubu's Armour               Charms/Ice                   3
   d - Throw Icicle                   Conjuration/Ice              4
   e - Summon Ice Beast               Ice/Summoning                4
   f - Condensation Shield            Ice                          4
 N - a book of Ice

   Spells                             Type                      Level
   a - Ice Form                       Ice/Transmutation            4
   b - Metabolic Englaciation         Hexes/Ice                    5
   c - Ozocubu's Refrigeration        Ice                          6
   d - Bolt of Cold                   Conjuration/Ice              6
   e - Freezing Cloud                 Conjuration/Ice/Air          6
   f - Simulacrum                     Ice/Necromancy               6
 Y - a book of Annihilations

   Spells                             Type                      Level
   a - Poison Arrow                   Conjuration/Poison           6
   b - Chain Lightning                Conjuration/Air              8
   c - Lehudib's Crystal Spear        Conjuration/Earth            8
   d - Glaciate                       Conjuration/Ice              9
   e - Fire Storm                     Conjuration/Fire             9
Comestibles
 e - 3 bread rations
 g - 5 meat rations
 m - 2 slices of pizza
 J - a beef jerky
 M - 5 fruits


   Skills:
 - Level 9.5(9.3) Fighting
 + Level 10.4(10.2) Axes
 + Level 9.6(9.3) Armour
 - Level 3.2(3.1) Shields
 - Level 7.9(7.7) Invocations


You had 10 spell levels left.
You didn't know any spells.

Dungeon Overview and Level Annotations

Branches:
Dungeon (10/15)            Temple (1/1) D:5            Lair (0/8) D:10
    Orc (4/4) D:10            Elf (0/3) Orc:3

Altars:
Ashenzari
Cheibriados
Dithmenos
Elyvilon
Fedhas
Gozag
Kikubaaqudgha
Makhleb
Nemelex Xobeh
Okawaru
Qazlal
Ru
Sif Muna
Trog
Vehumet
Xom
Yredelemnul
Zin
The Shining One
Beogh

Shops:
D:6 (   Orc:2 :


Innate Abilities, Weirdness & Mutations

You are resistant to torment.
Your stone body is resilient (AC +7).
You are immune to poison.
You resist negative energy.
You are resistant to electric shocks.
You can survive without breathing.
You are immune to petrification.
You are immune to rotting.


Message History

There is a stone staircase leading up here.
The orc sorcerer mumbles some strange words.
You climb upwards.
There is a stone staircase leading down here.
You climb downwards.
The orc sorcerer points at you and mumbles some strange words.
The bolt of fire hits you!
The sun demon hits you but does no damage.
The orc sorcerer gestures at you while chanting.
The bolt of fire hits you!
* * * LOW HITPOINT WARNING * * *
There is a stone staircase leading up here.
The orc high priest invokes the aid of Beogh against you.
Pain shoots through your body!
* * * LOW HITPOINT WARNING * * *
The orc sorcerer hits you but does no damage.
The sun demon hits you.
* * * LOW HITPOINT WARNING * * *
You are engulfed in flames!
You die...

.....#......###
............#.##
...............##
............#...#
...............####
................#.##
...............#...#
.................3##
................@.##
..............[[[o.##
..............#..o..##
..............##o....##
................o..^#.##
..................##...#
.........#........#....#
.......................#
.........#......#......##


You could see an orc high priest, a sun demon, 2 orc sorcerers and an orc
priest.

Vanquished Creatures
  The ghost of Clownie the Martial Artist, a journeyman OpBe of Trog (Orc:2)
  An orc high priest (Orc:4)
  3 orc knights (Orc:3)
  Maurice (D:8)
  An orc sorcerer (Orc:4)
  A troll (D:10)
  A deep elf mage (D:9)
  2 hippogriffs (D:10)
  2 wargs
  Edmund (D:6)
  A water moccasin (D:8)
  12 orc warriors
  2 phantoms
  An ice beast (D:9)
  A centaur (D:5)
  3 ogres
  4 giant frogs
  2 gnoll sergeants
  A scorpion (D:5)
  6 killer bees (D:10)
  2 crimson imps
  5 hounds
  A lava snake (D:7)
  A centaur skeleton (D:4)
  24 orc priests
  3 giant frog zombies
  Crazy Yiuf (D:4)
  A giant frog skeleton (D:10)
  4 iguanas
  28 orc wizards
  6 worker ants
  2 hound zombies (D:6)
  A hound skeleton (D:5)
  A worker ant zombie (D:9)
  12 gnolls
  9 adders
  4 river rats (Sewer)
  2 oozes (Sewer)
  2 worms
  An adder skeleton (D:10)
  4 giant geckos
  148 orcs
  4 bats
  6 giant cockroaches
  12 goblins
  7 hobgoblins
  12 jackals
  5 quokkas
  5 ball pythons
  3 giant newts
  A jackal skeleton (D:4)
  24 kobolds
  A quokka zombie (D:8)
  26 rats
415 creatures vanquished.

Vanquished Creatures (others)
  An orc wizard (Orc:4)
  7 fungi (D:6)
8 creatures vanquished.

Grand Total: 423 creatures vanquished

Notes
Turn   | Place    | Note
--------------------------------------------------------------
     0 | D:1      | Kloppie the Gargoyle Fighter began the quest for the Orb.
     0 | D:1      | Reached XP level 1. HP: 14/14 MP: 1/1
   222 | D:1      | Reached XP level 2. HP: 16/19 MP: 2/2
   823 | D:1      | Reached XP level 3. HP: 24/24 MP: 3/3
  1296 | D:2      | Reached skill level 4 in Fighting
  1792 | D:3      | Found an iron altar of Okawaru.
  1792 | D:3      | Found a glowing silver altar of Zin.
  1795 | D:3      | Found a shattered altar of Ashenzari.
  1810 | D:3      | Found a bloodstained altar of Trog.
  1866 | D:3      | Reached XP level 4. HP: 29/29 MP: 4/4
  1962 | D:3      | Reached XP level 5. HP: 32/34 MP: 5/5
  2431 | D:3      | Reached skill level 5 in Fighting
  2431 | D:3      | Reached XP level 6. HP: 34/40 MP: 6/6
  2583 | D:4      | Found a basalt altar of Yredelemnul.
  2686 | D:4      | Found a shimmering altar of Xom.
  2804 | D:4      | Found a glowing drain.
  2808 | Sewer    | Entered a sewer
  3129 | Sewer    | Reached skill level 5 in Armour
  4044 | D:4      | Noticed Crazy Yiuf
  4055 | D:4      | Killed Crazy Yiuf
  4055 | D:4      | Reached XP level 7. HP: 28/44 MP: 7/7
  4628 | D:5      | Entered Level 5 of the Dungeon
  4692 | D:5      | Found a staircase to the Ecumenical Temple.
  4788 | Temple   | Entered the Ecumenical Temple
  4898 | Temple   | Became a worshipper of Makhleb the Destroyer
  4996 | D:5      | Found an iron altar of Okawaru.
  5009 | D:5      | Reached skill level 6 in Fighting
  5148 | D:5      | Reached skill level 5 in Axes
  5261 | D:5      | Reached XP level 8. HP: 34/52 MP: 8/8
  5768 | D:6      | Noticed Edmund
  5798 | D:6      | Killed Edmund
  5798 | D:6      | Reached skill level 7 in Fighting
  5928 | D:6      | Reached * piety under Makhleb
  6055 | D:6      | Found a sparkling altar of Nemelex Xobeh.
  6156 | D:6      | Found Neeriniff's Weapon Emporium.
  6730 | D:7      | Found a radiant altar of Vehumet.
  6855 | D:7      | Reached XP level 9. HP: 56/58 MP: 9/9
  7355 | D:6      | Bought a +3 war axe of electrocution for 334 gold pieces
  7457 | D:8      | Noticed Maurice
  7466 | D:8      | Killed Maurice
  7466 | D:8      | Reached skill level 8 in Fighting
  7534 | D:8      | Found a deep blue altar of Sif Muna.
  8299 | D:9      | Reached ** piety under Makhleb
  8739 | D:10     | Entered Level 10 of the Dungeon
  8789 | D:10     | Reached skill level 9 in Fighting
  8915 | D:10     | Found a staircase to the Lair.
  8915 | D:10     | Found a staircase to the Orcish Mines.
  8933 | D:10     | Reached XP level 10. HP: 66/66 MP: 10/10
  8998 | D:10     | Reached *** piety under Makhleb
  9049 | D:10     | Noticed a seven-headed hydra
  9086 | Orc:1    | Entered Level 1 of the Orcish Mines
  9401 | Orc:1    | Reached skill level 1 in Invocations
  9408 | Orc:1    | Reached **** piety under Makhleb
  9706 | Orc:2    | Noticed Clownie's ghost (journeyman OpBe)
  9719 | Orc:2    | Killed Clownie's ghost
  9832 | Orc:2    | Reached ***** piety under Makhleb
  9965 | Orc:2    | Found a roughly hewn altar of Beogh.
 10130 | Orc:3    | Found a staircase to the Elven Halls.
 10258 | Orc:2    | Found Remif's Book Boutique.
 10358 | Orc:4    | Entered Level 4 of the Orcish Mines
 10466 | Orc:3    | Reached skill level 5 in Invocations
 11077 | Orc:4    | Noticed an orc knight
 11097 | Orc:3    | Reached XP level 11. HP: 64/71 MP: 15/15
 11207 | Orc:3    | Killed an orc knight
 11539 | Orc:4    | Noticed an orc knight
 11540 | Orc:4    | Noticed an orc high priest
 11591 | Orc:3    | Killed an orc knight
 11591 | Orc:3    | Reached skill level 10 in Axes
 11922 | Orc:4    | Noticed an orc high priest
 11930 | Orc:4    | Killed an orc high priest
 11931 | Orc:4    | Noticed an orc sorcerer
 11937 | Orc:4    | Killed an orc sorcerer
 11937 | Orc:4    | Reached ****** piety under Makhleb
 11985 | Orc:4    | Noticed an orc sorcerer
 11986 | Orc:4    | Noticed an orc knight
 11986 | Orc:4    | Noticed an orc sorcerer
 11998 | Orc:4    | Noticed an orc high priest
 12190 | Orc:3    | Killed an orc knight
 12292 | Orc:4    | Noticed an ice devil
 12503 | Orc:4    | Noticed a sun demon
 12506 | Orc:4    | Slain by a sun demon

Action                   |  1- 3 |  4- 6 |  7- 9 | 10-12 || total
-------------------------+-------+-------+-------+-------++-------
Melee: War axe           |   136 |   183 |   389 |   353 ||  1061
       Blowgun           |       |   110 |       |       ||   110
 Fire: Blowgun           |       |    84 |       |       ||    84
Evoke: Wand              |       |     1 |       |     1 ||     2
  Use: Scroll            |     6 |     3 |     9 |     3 ||    21
       Potion            |       |     1 |       |     2 ||     3
 Stab: Distracted        |     1 |       |       |       ||     1
       Confused          |       |     1 |       |       ||     1
  Eat: Chunk             |     3 |     5 |    17 |    10 ||    35
       Beef jerky        |       |     1 |       |     2 ||     3
       Fruit             |       |     1 |       |       ||     1
